 Dungeon Crawl Stone Soup version 0.29.0-4-gdea44cf6ec (webtiles) character file.

Game seed: 7954698351754982149

6 qw the Caller (level 1, 0/15 HPs)
             Began as a Ghoul Summoner on Sept 9, 2022.
             Slain by a jackal (1 damage)
             ... on level 1 of the Dungeon.
             The game lasted 00:00:05 (193 turns).

qw the Caller (Ghoul Summoner)                       Turns: 193, Time: 00:00:06

Health: 0/15       AC:  2    Str: 11    XL:     1   Next: 90%
Magic:  0/2        EV: 12    Int: 10    God:
Gold:   10         SH:  0    Dex:  9    Spells: 2/3 levels left

rFire   . . .      SeeInvis .   d - +0 club
rCold   + . .      Faith    .   (no shield)
rNeg    + + +      Spirit   .   a - +0 robe
rPois   inf        Reflect  .   (no helmet)
rElec   .          Harm     .   (no cloak)
rCorr   .          Rampage  .   (no gloves)
Will    .....                   (no boots)
Stlth   ++........              (no amulet)
HPRegen 0.00/turn               (no ring)
MPRegen 0.08/turn               (no ring)

@: inhibited regen
A: claws 1, cold resistance 1, negative energy resistance 3, inhibited
regeneration, torment resistance 2, devour on kill
a: no special abilities


You were on level 1 of the Dungeon.
You visited 1 branch of the dungeon, and saw 1 of its levels.

You collected 10 gold pieces.


Innate Abilities, Weirdness & Mutations

You are immune to poison.
You have sharp fingernails.
Your flesh is cold resistant. (rC+)
You are immune to negative energy. (rN+++)
You do not regenerate when monsters are visible.
You are immune to unholy pain and torment.
You thrive by killing the living.


   Skills:
 + Level 0.4 Fighting
 - Level 1.0 Axes
 - Level 1.7 Dodging
 - Level 2.1 Stealth
 - Level 1.7 Spellcasting
 - Level 3.6 Summonings


You had 2 spell levels left.
You knew the following spells:

 Your Spells              Type           Power      Damage    Failure   Level
a - Summon Small Mammal   Summ           32%        N/A       8%          1

Your spell library contained the following spells:

 Spells                   Type           Power      Damage    Failure   Level
 Call Imp                 Summ           8%         N/A       11%         2
 Call Canine Familiar     Summ           8%         N/A       22%         3
 Summon Guardian Golem    Hex/Summ       4%         N/A       43%         3
 Summon Lightning Spire   Summ/Air       4%         N/A       83%         4

Inventory:

Hand Weapons
 d - a +0 club (weapon)
Armour
 a - a +0 robe (worn)
Potions
 b - a potion of magic
 c - a potion of might {unknown}

Dungeon Overview and Level Annotations

Branches:
Dungeon (1/15)

Altars:


Message History

The jackal barely misses you. The jackal closely misses you.
The jackal barely misses you.
You barely miss the jackal.
The jackal is severely wounded.
Your bat hits the jackal but does no damage.
The jackal closely misses you. The jackal bites you. x2
The jackal barely misses you.
You hit the jackal.
The jackal is almost dead.
Your bat hits the jackal but does no damage.
The jackal barely misses you. The jackal closely misses you.
The jackal barely misses you. The jackal bites you.
Your bat closely misses the jackal.
You hit the jackal.
You kill the jackal!
You feel better.
Your bat hits the jackal but does no damage.
The jackal barely misses you. The jackal closely misses you.
You hit the jackal.
The jackal is moderately wounded.
Your bat closely misses the jackal.
The jackal bites you.
Your bat hits the jackal but does no damage.
You closely miss the jackal.
The jackal is moderately wounded.
Your bat closely misses the jackal.
The jackal bites you. The jackal closely misses you.
191 ||| CASTING Summon Small Mammal
Casting: Summon Small Mammal (safe; 8% risk of failure)
Confirm with . or Enter, or press ? or * to list all spells.
Your bat hits the jackal but does no damage.
The jackal barely misses you.
You hit the jackal.
The jackal is heavily wounded.
Your bat closely misses the jackal.
The jackal closely misses you.
Your bat misses the jackal. The jackal bites you.
You closely miss the jackal.
The jackal is heavily wounded.
Your bat hits the jackal but does no damage.
Your bat closely misses the jackal.
The jackal bites you.
You die...

#. #.######
######.#....#
.......#....#
............############
........................
.........##############.
####bb@.# #. #.h### #.
..... #. ..####. #. ..
## .. ... ##.


You could see a jackal (ally target) and 2 friendly bats.

Vanquished Creatures
  A bat (D:1)
  2 jackals (D:1)
  A rat (D:1)
4 creatures vanquished.

Vanquished Creatures (collateral kills)
  A bat (D:1)
  A goblin (D:1)
2 creatures vanquished.

Grand Total: 6 creatures vanquished

Notes
Turn   | Place    | Note
-------+----------+-------------------------------------------
     0 | D:1      | qw the Ghoul Summoner began the quest for the Orb.
     0 | D:1      | Reached XP level 1. HP: 14/14 MP: 2/2
     0 | D:1      | 0 ||| qw: Version: 0.1-a-113-g051387a
     0 | D:1      | 0 ||| qw: Game counter: 7071
     0 | D:1      | 0 ||| qw: Always use a shield: true
     0 | D:1      | 0 ||| qw: God list: Okawaru
     0 | D:1      | 0 ||| qw: Allow faded altars: false
     0 | D:1      | 0 ||| qw: Do Orc after D:15 true
     0 | D:1      | 0 ||| qw: Do second Lair branch before Depths: true
     0 | D:1      | 0 ||| qw: Lair rune preference: random
     0 | D:1      | 0 ||| qw: Plans: Normal
     0 | D:1      | 0 ||| PLANNING D:1-11
     6 | D:1      | 6 ||| CASTING Summon Small Mammal
     7 | D:1      | 7 ||| CASTING Summon Small Mammal
    42 | D:1      | 42 ||| CASTING Summon Small Mammal
    43 | D:1      | 43 ||| CASTING Summon Small Mammal
    70 | D:1      | 70 ||| Wielding weapon +0 club.
   140 | D:1      | 140 ||| CASTING Summon Small Mammal
   141 | D:1      | 141 ||| CASTING Summon Small Mammal
   170 | D:1      | 170 ||| CASTING Summon Small Mammal
   171 | D:1      | 171 ||| CASTING Summon Small Mammal
   181 | D:1      | 181 ||| CASTING Summon Small Mammal
   184 | D:1      | Reached skill level 1 in Axes
   190 | D:1      | HP: 3/15 [jackal (1)]
   191 | D:1      | 191 ||| CASTING Summon Small Mammal
   192 | D:1      | HP: 1/15 [jackal (2)]
   193 | D:1      | Slain by a jackal

Levels and vault maps discovered:
D:1:      dpeg_arrival_ternary, layout_basic, due_unseen_surprise

Skill      XL: |  1 |
---------------+----+-----
Axes           | 1 |  1.0
Fighting       | |  0.4
Dodging        | |  1.7
Stealth        | |  2.1
Spellcasting   | |  1.7
Summonings     | |  3.6

Action                   || total
-------------------------++-------
Melee: Club              ||    18
 Cast: Summon Small Mamm ||     9
Armor: Robe              ||     7
Dodge: Dodged            ||    32

Table legend:
 A = Non-vault XP
 B = Vault XP
 C = Vault XP percentage of total XP
 D = Non-vault monster count
 E = Vault monster count
 F = Vault count percentage of total count
                 A         B        C        D         E       F
            +---------+---------+-------+---------+---------+-------
      Total |       9 |       0 |   0.0 |       6 |       0 |   0.0
            +---------+---------+-------+---------+---------+-------
        D:1 |       9 |       0 |   0.0 |       6 |       0 |   0.0
            +---------+---------+-------+---------+---------+-------
